AoeStats
← Iseri玫瑰

Four Lakes

509766553Analyzed
1v1 RM · 4d ago on Sep 27, 2026· 36m 55s· 2 players
Game mode
Random Map
Map size
Tiny (2 player)
Population
200
Speed
Normal
Resources
Standard
Victory
Conquest
Starting age
Dark Age
Ending age
Imperial Age
RankedLock teamsTeams togetherTeam positionsShared explorationLock speedFull tech treeHidden civsTurbo modeCheats
Victory
Defeat
🇦🇷 Georgians · Argentina
732
+16
🇺🇸 Franks · United States
722
-16
wololackin
0:26 Loom
13:42 Feudal Age
13:36 Loom
15:49 Double-Bit Axe
15:56 Gold Mining
27:10 Castle Age
24:58 Town Watch
26:43 Scale Mail Armor
26:54 Forging
29:47 Wheelbarrow
28:58 Town Watch
29:21 Husbandry
29:30 Scale Barding Armor
30:51 Stone Mining
31:37 Gold Shaft Mining
31:15 Bow Saw
33:02 Chain Barding Armor
36:47 Squires
36:07 Pikeman
Iseri玫瑰
11:23 Feudal Age
15:17 Castle Age
13:33 Double-Bit Axe
13:54 Horse Collar
15:45 Forging
15:24 Light Cavalry
17:33 Fishing Lines
18:08 Bow Saw
19:28 Stone Mining
19:52 Gillnets
21:31 Gold Mining
23:16 Bloodlines
23:49 Wheelbarrow
23:01 Loom
24:02 Heavy Plow
25:45 Stone Shaft Mining
25:34 Fervor
26:34 Iron Casting
26:02 Husbandry
26:19 Hand Cart
25:50 Town Watch
29:11 Fletching
29:45 Svan Towers
30:05 Ballistics
30:34 Guard Tower
31:38 Murder Holes
32:33 Bodkin Arrow
32:32 Treadmill Crane
37:38 Imperial Age
35:25 Scale Barding Armor
36:58 Masonry
Connection lost

Rejoining the realm…

Still unreachable

The connection could not be restored.

Session expired

The server has moved on; the page needs a fresh start.